 Dungeon Crawl Stone Soup version 0.23.0 (webtiles) character file.

Game seed: 8665263015537932727

685 Oakoak the Skirmisher (level 7, -2/76 HPs)
             Began as an Ogre Berserker on Feb 11, 2019.
             Was a Priest of Trog.
             Slain by a centaur (6 damage)
             ... while paralysed
             ... on level 5 of the Dungeon on Feb 12, 2019.
             The game lasted 00:30:55 (6435 turns).

Oakoak the Skirmisher (Ogre Berserker)              Turns: 6435, Time: 00:30:56

Health: -2/76      AC:  4    Str: 23    XL:     7   Next: 62%
Magic:  7/7        EV:  1    Int:  8    God:    Trog [***...]
Gold:   71         SH:  0    Dex:  9    Spells: 6/6 levels left

rFire    . . .     SeeInvis .   u - +3 dire flail (protect)
rCold    . . .     Gourm    .   (shield currently unavailable)
rNeg     . . .     Faith    .   b - +0 animal skin
rPois    .         Spirit   .   (helmet restricted)
rElec    .         Reflect  .   k - +0 cloak {Ben}
rCorr    .         Harm     .   (gloves unavailable)
MR       +....                  (boots unavailable)
Stlth    ++........             (no amulet)
HPRegen  0.22/turn              n - ring of protection from magic
MPRegen  0.10/turn              l - ring of stealth

@: paralysed, berserk cooldown, slowed
A: large, unfitting armour, tough skin 1
a: Berserk, Trog's Hand, Renounce Religion


You were on level 5 of the Dungeon.
You worshipped Trog.
Trog was most pleased with you.
You were not hungry.

You visited 2 branches of the dungeon, and saw 6 of its levels.

You collected 211 gold pieces.
You spent 140 gold pieces at shops.

Inventory:

Hand Weapons
 a - a +1 mace
 u - a +3 dire flail of protection (weapon)
Armour
 b - a +0 animal skin (worn)
 d - a +0 ring mail
 k - a +0 cloak (worn) {Ben}
Jewellery
 l - a ring of stealth (right hand)
 n - a ring of protection from magic (left hand)
Wands
 r - a wand of flame (26)
 t - a wand of paralysis (6)
 w - a wand of digging (7)
 y - a wand of random effects (15)
Scrolls
 e - a scroll of fear {unknown}
 h - 2 scrolls of remove curse
 i - 2 scrolls of identify
 m - 2 scrolls of immolation
 o - a scroll of blinking
 p - a scroll of magic mapping {unknown}
 x - a scroll of fog {unknown}
Potions
 f - a potion of curing
 g - a potion of mutation {unknown}
 j - 2 potions of heal wounds {unknown}
 q - a potion of haste {unknown}
 s - a potion of cancellation {unknown}
 z - a potion of resistance {unknown}
Comestibles
 c - 6 rations
 v - 5 chunks of flesh


   Skills:
 * Level 6.6 Fighting
 * Level 6.0 Maces & Flails
 + Level 4.0 Dodging
 + Level 1.0 Stealth
 + Level 0.1 Evocations


You had 6 spell levels left.
You didn't know any spells.
Your spell library was empty.

Dungeon Overview and Level Annotations

Branches:
Dungeon (5/15)             Temple (1/1) D:4

Altars:
Ashenzari
Cheibriados
Dithmenos
Elyvilon
Fedhas
Gozag
Hepliaklqana
Makhleb
Nemelex Xobeh
Okawaru
Qazlal
Ru
Sif Muna
Trog
Uskayaw
Vehumet
Wu Jian
Xom
Yredelemnul
Zin
The Shining One

Shops:
D:4 %   D:5 ?


Innate Abilities, Weirdness & Mutations

You are too large for most types of armour.
You have tough skin. (AC +1)


Message History

A red film seems to cover your vision as you go berserk!
You feel yourself moving faster!
You feel mighty!
You feel a lot more hungry.
You are too berserk!
You feel a strong urge to attack something.
You see here an arrow.
You are too berserk!
You start resting.
You feel your anger nearly subside.
You are no longer berserk.
You pass out from exhaustion.
You feel yourself slow down.
The centaur shoots an arrow.
The arrow hits you.
The centaur hits you but does no damage.
The centaur shoots an arrow.
The arrow hits you!
* * * LOW HITPOINT WARNING * * *
The centaur hits you.
* * * LOW HITPOINT WARNING * * *
The centaur shoots an arrow.
The arrow hits you!
* * * LOW HITPOINT WARNING * * *
The centaur hits you.
You die...

###.### #..
#...............
#.# #.#
#..#.........#
#.# .##
##............
#.# ..
##..##.###.#.
#.# #.###..<.#.#
#... #.#
..##.##...# ###.
#.## ###....#
#..# #. #..#
###c(c### #..#
#. ##.#
###..@#(# ##.#
## #.#
#...###(## #.##
#.# #.### #(c#
###... #.# ##.#
##c###...... #.#
##..#
#.......... #.#
#..##
##(.##..... #.#
#.## #(.# ...
#.# #.# #(!# .
#.# #.# ##..#


You could see 2 centaurs.

Vanquished Creatures
  2 ogres
  A bullfrog (D:5)
  A scorpion (D:4)
  A hound (D:4)
  A bullfrog skeleton (D:5)
  An orc priest (D:4)
  An orc wizard (D:4)
  An iguana (D:5)
  A worker ant (D:4)
  7 gnolls
  8 adders
  An ooze (D:2)
  4 worms
  A dart slug (D:2)
  A leopard gecko (D:1)
  6 orcs
  5 giant cockroaches
  9 goblins
  8 hobgoblins
  10 kobolds
  A quokka (D:4)
  2 ball pythons
  7 bats
  3 frilled lizards
  6 rats
89 creatures vanquished.

Notes
Turn   | Place    | Note
-------+----------+-------------------------------------------
     0 | D:1      | Oakoak the Ogre Berserker began the quest for the Orb.
     0 | D:1      | Reached XP level 1. HP: 24/24 MP: 1/1
    95 | D:1      | Reached XP level 2. HP: 29/32 MP: 2/2
  1183 | D:2      | Reached XP level 3. HP: 11/40 MP: 3/3
  1767 | D:1      | Reached ** piety under Trog
  1767 | D:1      | Reached XP level 4. HP: 19/49 MP: 4/4
  2121 | D:2      | Reached skill level 5 in Fighting
  3008 | D:2      | Reached XP level 5. HP: 52/57 MP: 5/5
  4481 | D:4      | Noticed an ogre
  4518 | D:4      | Killed an ogre
  4518 | D:4      | Reached XP level 6. HP: 66/66 MP: 6/6
  4669 | D:4      | Found a staircase to the Ecumenical Temple.
  4694 | Temple   | Entered the Ecumenical Temple
  4901 | D:4      | Reached skill level 5 in Maces & Flails
  5337 | D:4      | Reached *** piety under Trog
  5560 | D:4      | Found Coethos's Food Shop.
  5576 | D:4      | Bought a ration for 50 gold pieces
  5957 | D:4      | Reached XP level 7. HP: 66/75 MP: 7/7
  5971 | D:5      | Entered Level 5 of the Dungeon
  6010 | D:5      | Reached skill level 1 in Stealth
  6352 | D:5      | Found Jaumioz's Magic Scroll Boutique.
  6355 | D:5      | Bought a scroll of enchant weapon for 90 gold pieces
  6435 | D:5      | Slain by a centaur

Skill      XL: |  1  2  3  4  5  6  7 |
---------------+----------------------+-----
Maces & Flails | 3 4 5 6 |  6.0
Dodging        | 3 4 |  4.0
Fighting       | 5 6 |  6.6
Stealth        | 1 |  1.0
Evocations     | |  0.1

Action                   |  1- 3 |  4- 6 |  7- 9 || total
-------------------------+-------+-------+-------++-------
Melee: Mace              |   112 |   178 |       ||   290
       Dire flail        |       |    14 |    28 ||    42
Invok: Berserk           |     1 |     2 |     2 ||     5
       Trog's Hand       |       |       |     1 ||     1
Evoke: Wand              |       |     1 |     1 ||     2
  Use: Scroll            |       |     7 |     2 ||     9
       Potion            |       |     1 |     1 ||     2
 Stab: Sleeping          |       |     1 |     1 ||     2
  Eat: Ration            |     1 |     3 |     1 ||     5
       Chunk             |       |     5 |     1 ||     6
Armor: Animal skin       |    53 |    52 |    16 ||   121
Dodge: Dodged            |   104 |    98 |    26 ||   228
